 Dungeon Crawl Stone Soup version 0.22.1-1-ga44c0e56f4 (webtiles) character file.

36964 Riddle the Pandemonic (level 13, -2/96 HPs)
             Began as a Demonspawn Monk on Oct 3, 2018.
             Was a High Priest of Makhleb.
             Slain by a manticore (6 damage)
             ... on level 6 of the Lair of Beasts.
             The game lasted 00:46:35 (17226 turns).

Riddle the Pandemonic (Demonspawn Monk)            Turns: 17226, Time: 00:46:37

Health: -2/96      AC: 27    Str: 17    XL:     13   Next: 55%
Magic:  27/27      EV: 13    Int: 10    God:    Makhleb [*****.]
Gold:   1031       SH: 17    Dex: 15    Spells: 12/12 levels left

rFire    + . .     SeeInvis .   E - +0 demon blade (venom)
rCold    . . .     Gourm    .   g - +5 shield {AC+3}
rNeg     . . .     Faith    .   K - +3 chain mail {rPois}
rPois    +         Spirit   .   (no helmet)
rElec    .         Reflect  .   k - +0 cloak
rCorr    +         Harm     .   u - +0 pair of gloves
MR       .....                  (boots unavailable)
Stlth    ..........             r - amulet of the acrobat
HPRegen  0.26/turn              U - +5 ring of evasion
MPRegen  0.20/turn              z - ring of resist corrosion

@: sanguine armour
A: talons 3, demonic guardian 2, dopey 1, fire resistance 1, nightstalker 1,
sense surroundings 1, sanguine armour 2
a: Minor Destruction, Lesser Servant of Makhleb, Major Destruction, Greater
Servant of Makhleb, Renounce Religion


You were on level 6 of the Lair of Beasts.
You worshipped Makhleb.
Makhleb was extremely pleased with you.
You were not hungry.

You visited 3 branches of the dungeon, and saw 16 of its levels.

You collected 1251 gold pieces.
You spent 220 gold pieces at shops.

Inventory:

Hand Weapons
 E - a +0 demon blade of venom (weapon)
Armour
 g - a +5 shield of protection (worn)
 k - a +0 cloak (worn)
 u - a +0 pair of gloves (worn)
 K - a +3 chain mail of poison resistance (worn)
Jewellery
 r - an amulet of the acrobat (around neck)
 v - an uncursed ring of protection from magic
 z - a ring of resist corrosion (right hand)
 G - an uncursed ring of magical power
 M - an uncursed ring of protection from fire
 Q - an uncursed ring of flight
 T - an uncursed ring of see invisible
 U - a +5 ring of evasion (left hand)
 V - an uncursed ring of protection from magic
Wands
 n - a wand of iceblast (27)
 w - a wand of clouds (9)
 y - a wand of paralysis (8)
 B - a wand of digging (11)
 C - a wand of scattershot (4)
 S - a wand of random effects (45)
 X - a wand of acid (14)
Scrolls
 e - 2 scrolls of fog
 f - 9 scrolls of teleportation
 j - a scroll of fear
 l - 5 scrolls of remove curse
 s - 3 scrolls of amnesia
 t - 8 scrolls of identify
 D - 4 scrolls of noise {unknown}
 F - 2 scrolls of summoning {unknown}
 I - 2 scrolls of enchant armour
 L - 5 scrolls of immolation {unknown}
 R - 5 scrolls of enchant weapon {unknown}
Potions
 b - 3 potions of mutation
 d - 4 potions of curing
 h - 5 potions of heal wounds
 i - 2 potions of might {unknown}
 m - 2 potions of resistance
 p - 2 potions of brilliance {unknown}
 q - a potion of degeneration {unknown}
 H - 2 potions of magic {unknown}
 J - 3 potions of invisibility {unknown}
 N - 2 potions of haste {unknown}
 W - 2 potions of ambrosia {unknown}
Miscellaneous
 P - a phantom mirror
Comestibles
 a - 10 chunks of flesh
 c - 26 rations


   Skills:
 + Level 7.3 Fighting
   Level 2.6 Axes
 + Level 6.2 Armour
 - Level 2.6 Dodging
 - Level 1.7 Stealth
 + Level 11.8 Shields
 * Level 20.3 Invocations


You had 12 spell levels left.
You didn't know any spells.
Your spell library contained the following spells:

 Spells                   Type           Power        Failure   Level  Hunger
 Apportation              Tloc           #.....       100%        1    ##.....
 Beastly Appendage        Tmut           #.....       100%        1    ##.....
 Confusing Touch          Hex            #.....       100%        1    ##.....
 Sandblast                Erth           #.....       100%        1    ##.....
 Sting                    Conj/Pois      #...         100%        1    ##.....
 Summon Butterflies       Summ           #.......     100%        1    ##.....
 Passwall                 Tmut/Erth      #.......     100%        2    ###....
 Poisonous Vapours        Pois/Air       #.....       100%        2    ###....
 Sticks to Snakes         Tmut           #.......     100%        2    ###....
 Confuse                  Hex            #.......     100%        3    ####...
 Gell's Gravitas          Tloc           #.........   100%        3    ####...
 Lesser Beckoning         Tloc           #.........   100%        3    ####...
 Mephitic Cloud           Conj/Pois/Air  #.......     100%        3    ####...
 Spider Form              Tmut/Pois      #.........   100%        3    ####...
 Stone Arrow              Conj/Erth      #.....       100%        3    ####...
 Tukima's Dance           Hex            #.......     100%        3    ####...
 Ice Form                 Ice/Tmut       #.......     100%        4    #####..
 Olgreb's Toxic Radiance  Pois           #.......     100%        4    #####..
 Petrify                  Tmut/Erth      #.......     100%        4    #####..
 Alistair's Intoxication  Tmut/Pois      #.......     100%        5    ######.
 Blade Hands              Tmut           #.........   100%        5    ######.
 Lee's Rapid Deconstruct  Erth           #.........   100%        5    ######.
 Metabolic Englaciation   Hex/Ice        #.........   100%        5    ######.
 Venom Bolt               Conj/Pois      #.........   100%        5    ######.
 Yara's Violent Unravell  Hex/Tmut       #.........   100%        5    ######.
 Invisibility             Hex            #.......     100%        6    #######


Dungeon Overview and Level Annotations

Branches:
Dungeon (9/15)             Temple (1/1) D:4            Lair (6/6) D:9
  Swamp (0/4) Lair:3       Spider (0/4) Lair:4        Slime (0/5) Lair:6
    Orc (0/2) D:9

Altars:
Ashenzari
Cheibriados
Dithmenos
Elyvilon
Fedhas
Gozag
Hepliaklqana
Kikubaaqudgha
Makhleb
Nemelex Xobeh
Okawaru
Qazlal
Ru
Sif Muna
Trog
Uskayaw
Vehumet
Wu Jian
Xom
Yredelemnul
Zin
The Shining One
Jiyva

Shops:
D:6 (*

Annotations:
D:7 3 runed doors, LLavrengius's ghost, novice BaIE


Innate Abilities, Weirdness & Mutations

You have claws for feet.
A demonic guardian rushes to your aid.
You are slightly more attuned to the shadows.
When seriously injured, your bleeding wounds create thick armour. (AC +9)
You are dopey. (Int -2)
Your flesh is heat resistant. (rF+)
You passively map a small area around you.


Message History

Your orange demon dies!
The death yak barely misses you.
The manticore flicks its tail.
The volley of spikes hits you!
Okay, then.
It was a potion of heal wounds.
You feel much better. You block the death yak's attack.
The dire elephant trumpets!
Okay, then.
Aiming: Phantom Mirror
Press: ? - help, Dir - move target cursor, f - dire elephant, p - death yak
Aim: a dire elephant (almost dead, poisoned)
You reflect the dire elephant with the mirror, and the mirror shatters!
Your dire elephant tramples the dire elephant!
The dire elephant stumbles backwards!
You block the dire elephant's attack. The dire elephant barely misses you.
You block the death yak's attack. The manticore bites you!
* * * LOW HITPOINT WARNING * * *
The manticore barely misses you. The manticore claws you.
You die...

#.P..........###...#
####
#.....÷..†.....#####
#......#†#######
##.....†########
##....####.#P#.## *
#P.÷.####.......## #
##.÷..###..#.#....## #
#....###.HYY.....#.#
##...##...@Y#†....##
#...##...}.#.#....# **
#...##..$[$#####..##* *
#...##P..(.#.......# *
#...########...#..P#*,,
* ##.##
####...#...##.#. #..#
###.P#.#.#..###...
##.## #....#.....P#
*P...,
#..###...........# #..#


You could see a dire elephant, a death yak, a manticore and a friendly dire
elephant.

Vanquished Creatures
  A dire elephant (Lair:6)
  A hydra (Lair:3)
  7 death yaks (Lair:6)
  A manticore (Lair:6)
  8 elephants
  A torpor snail (Lair:6)
  4 black mambas
  9 spiny frogs
  3 rime drakes
  5 komodo dragons
  A tyrant leech (Lair:6)
  A queen bee (D:8)
  4 hornets (Lair:6)
  A polar bear (Lair:6)
  3 blink frogs (Lair:4)
  11 hippogriffs
  4 dream sheep
  Sigmund (D:2)
  A redback (Lair:4)
  8 yaks
  2 wraiths (Lair:4)
  3 vampire mosquitoes (Lair:3)
  16 water moccasins
  8 porcupines
  2 ice beasts
  2 black bears
  2 sky beasts
  3 phantoms
  6 wolves
  A centaur (D:6)
  4 ogres
  11 crocodiles
  A big kobold (D:9)
  10 bullfrogs
  A water moccasin zombie (D:9)
  5 scorpions
  A jelly (D:6)
  11 killer bees (D:8)
  An electric eel (Lair:3)
  4 wights (D:9)
  5 crimson imps
  A quasit (D:8)
  A lava snake (Lair:5)
  2 bullfrog zombies
  2 orc priests
  2 hounds
  2 centaur skeletons
  2 bullfrog skeletons
  4 iguanas
  8 orc wizards
  7 worker ants
  A killer bee zombie (D:9)
  3 hound skeletons
  4 gnolls (D:5)
  7 adders
  2 shadow imps
  3 oozes
  An adder skeleton (D:4)
  4 worms
  5 dart slugs
  9 leopard geckos
  26 orcs
  9 ball pythons
  7 bats
  4 giant cockroaches
  6 goblins
  9 hobgoblins
  10 jackals
  12 kobolds
  A quokka (D:4)
  6 frilled lizards
  2 jackal skeletons
  A jackal zombie (D:7)
  A quokka skeleton (D:5)
  9 rats
  A fungus (D:9)
348 creatures vanquished.

Vanquished Creatures (collateral kills)
  Josephine (Lair:4)
  2 hydras
  2 catoblepae
  3 death yaks (Lair:6)
  A lindwurm (Lair:3)
  2 black mambas
  4 elephants
  5 spiny frogs (Lair:6)
  A torpor snail (Lair:5)
  A polar bear (Lair:6)
  A jumping spider (Lair:4)
  A hippogriff (Lair:6)
  2 dream sheep
  A redback (Lair:4)
  5 yaks
  3 wraiths (Lair:4)
  2 basilisks
  2 vampire mosquitoes (Lair:3)
  Duvessa (D:5)
  A water moccasin (Lair:3)
  3 black bears (D:9)
  A phantom (D:6)
  An ice beast (D:5)
  An orc warrior (D:6)
  An ogre (D:4)
  7 wolves (Lair:2)
  A centaur (D:9)
  5 crocodiles
  A bullfrog (Lair:2)
  Dowan (D:5)
  3 killer bees (D:8)
  A wight (D:9)
  An orc wizard (D:4)
  An adder (D:8)
  5 orcs
  2 kobolds
  3 fungi
79 creatures vanquished.

Vanquished Creatures (others)
  A bush (Lair:5)
  9 fungi
  29 plants
  5 toadstools (Lair:3)
44 creatures vanquished.

Grand Total: 471 creatures vanquished

Notes
Turn   | Place    | Note
-------+----------+-------------------------------------------
     0 | D:1      | Riddle the Demonspawn Monk began the quest for the Orb.
     0 | D:1      | Reached XP level 1. HP: 18/18 MP: 1/1
     3 | D:1      | Noticed an electric eel
     6 | D:1      | Noticed an electric eel
   214 | D:1      | Found a sparkling altar of Nemelex Xobeh.
   263 | D:1      | Reached skill level 1 in Armour
   263 | D:1      | Gained mutation: When seriously injured, your bleeding
                  | wounds create armour. (AC +9) [demonic ancestry]
   263 | D:1      | Reached XP level 2. HP: 22/24 MP: 2/2
   810 | D:1      | Gained mutation: You have sharp toenails. [demonic
                  | ancestry]
   810 | D:1      | Reached XP level 3. HP: 23/30 MP: 3/3
  1449 | D:2      | Noticed Sigmund
  1470 | D:2      | Found a shattered altar of Ashenzari.
  1653 | D:2      | Gained mutation: A weak demonic guardian rushes to your
                  | aid. [demonic ancestry]
  1653 | D:2      | Reached XP level 4. HP: 37/37 MP: 4/4
  1686 | D:2      | Killed Sigmund
  1686 | D:2      | Gained mutation: When seriously injured, your bleeding
                  | wounds create thick armour. (AC +9) [demonic ancestry]
  1686 | D:2      | Reached XP level 5. HP: 17/43 MP: 5/5
  2090 | D:2      | Found a snail-covered altar of Cheibriados.
  2825 | D:3      | Gained mutation: You have razor-sharp toenails. [demonic
                  | ancestry]
  2825 | D:3      | Reached XP level 6. HP: 42/49 MP: 6/6
  3234 | D:4      | Reached skill level 5 in Fighting
  3886 | D:4      | Reached XP level 7. HP: 53/56 MP: 7/7
  4143 | D:4      | Found a shimmering altar of Xom.
  4226 | D:4      | Found a hazy altar of Hepliaklqana.
  4544 | D:4      | Found a staircase to the Ecumenical Temple.
  4553 | Temple   | Entered the Ecumenical Temple
  4749 | Temple   | Became a worshipper of Makhleb the Destroyer
  4749 | Temple   | Reached * piety under Makhleb
  4749 | Temple   | Reached ** piety under Makhleb
  4891 | D:5      | Entered Level 5 of the Dungeon
  5008 | D:5      | Reached skill level 1 in Invocations
  5057 | D:5      | Reached skill level 2 in Invocations
  5157 | D:5      | Gained mutation: A demonic guardian rushes to your aid.
                  | [demonic ancestry]
  5157 | D:5      | Reached XP level 8. HP: 64/64 MP: 8/10
  5160 | D:5      | Reached skill level 3 in Invocations
  5189 | D:5      | Found a sparkling altar of Nemelex Xobeh.
  5201 | D:5      | Noticed Duvessa
  5201 | D:5      | Noticed Dowan
  5206 | D:5      | Killed Duvessa
  5209 | D:5      | Killed Dowan
  5372 | D:5      | Reached skill level 5 in Armour
  5372 | D:5      | Reached skill level 4 in Invocations
  5667 | D:5      | Found a basalt altar of Yredelemnul.
  5844 | D:6      | Found a basalt altar of Yredelemnul.
  5905 | D:6      | Found Konkeu Myff's Wicked Wares.
  5910 | D:6      | Reached skill level 5 in Invocations
  5915 | D:6      | Bought a +0 demon blade of venom for 220 gold pieces
  5922 | D:6      | Found a hide-covered altar of Uskayaw.
  5933 | D:6      | Reached skill level 5 in Shields
  6142 | D:6      | Reached skill level 6 in Invocations
  6161 | D:6      | Reached *** piety under Makhleb
  6174 | D:6      | Reached skill level 7 in Invocations
  6284 | D:6      | Found Wock's Weapon Emporium.
  6328 | D:6      | Found an ancient bone altar of Kikubaaqudgha.
  6553 | D:6      | Found a sacrificial altar of Ru.
  6673 | D:7      | Reached XP level 9. HP: 57/69 MP: 14/14
  6790 | D:7      | Reached skill level 8 in Invocations
  6884 | D:7      | Found a runed gate.
  6886 | D:7      | Found a runed gate.
  6886 | D:7      | Found a runed gate.
  6906 | D:7      | Noticed LLavrengius's ghost (novice BaIE)
  7090 | D:7      | Reached skill level 9 in Invocations
  7238 | D:7      | Found an ornate altar of the Wu Jian Council.
  7546 | D:7      | Found a radiant altar of Vehumet.
  7685 | D:8      | Reached skill level 10 in Invocations
  8010 | D:8      | Noticed a queen bee
  8014 | D:8      | Killed a queen bee
  8014 | D:8      | Reached skill level 11 in Invocations
  8154 | D:8      | Reached **** piety under Makhleb
  8789 | D:9      | Reached XP level 10. HP: 73/76 MP: 18/18
  8827 | D:9      | Found a staircase to the Lair.
  8856 | D:9      | Reached skill level 12 in Invocations
  9162 | D:9      | Found a staircase to the Orcish Mines.
  9404 | D:9      | Reached ***** piety under Makhleb
  9583 | Lair:1   | Entered Level 1 of the Lair of Beasts
  9583 | Lair:1   | Noticed a four-headed hydra
  9589 | Lair:1   | Killed a four-headed hydra
  9589 | Lair:1   | Reached skill level 13 in Invocations
  9644 | Lair:1   | Noticed a spiny frog
  9648 | Lair:1   | Killed a spiny frog
  9673 | Lair:1   | Noticed a spiny frog
  9678 | Lair:1   | Killed a spiny frog
  9823 | Lair:1   | Noticed a black mamba
  9826 | Lair:1   | Killed a black mamba
  9829 | Lair:1   | Reached skill level 14 in Invocations
 10869 | Lair:2   | Reached XP level 11. HP: 70/81 MP: 21/21
 11176 | Lair:2   | Reached skill level 15 in Invocations
 12055 | Lair:3   | Noticed an eight-headed hydra
 12059 | Lair:3   | Noticed an eight-headed hydra
 12062 | Lair:3   | Killed an eight-headed hydra
 12070 | Lair:3   | Killed an eight-headed hydra
 12271 | Lair:3   | Found a staircase to the Swamp.
 12283 | Lair:3   | Reached skill level 16 in Invocations
 12545 | Lair:3   | Found a runed door.
 12894 | Lair:3   | Noticed a lindwurm
 12894 | Lair:3   | Noticed a catoblepas
 12905 | Lair:3   | Killed a catoblepas
 12908 | Lair:3   | Killed a lindwurm
 13152 | Lair:4   | Reached skill level 10 in Shields
 13348 | Lair:4   | Found a hole to the Spider Nest.
 13369 | Lair:4   | Reached skill level 17 in Invocations
 13580 | Lair:4   | Gained mutation: You have claws for feet. [demonic
                  | ancestry]
 13580 | Lair:4   | Reached XP level 12. HP: 88/88 MP: 24/24
 14040 | Lair:4   | Noticed Josephine
 14045 | Lair:4   | Killed Josephine
 14497 | Lair:5   | Reached skill level 18 in Invocations
 14818 | Lair:5   | Reached ****** piety under Makhleb
 14936 | Lair:6   | Entered Level 6 of the Lair of Beasts
 15465 | Lair:6   | Gained mutation: Potions are less effective at restoring
                  | your health. [potion of mutation]
 15465 | Lair:6   | Gained mutation: You evolve. [potion of mutation]
 15466 | Lair:6   | Lost mutation: Potions are less effective at restoring your
                  | health. [potion of mutation]
 15466 | Lair:6   | Lost mutation: You evolve. [potion of mutation]
 15466 | Lair:6   | Gained mutation: Your spells are a little harder to cast,
                  | but a little more powerful. [potion of mutation]
 15466 | Lair:6   | Gained mutation: You are weak. (Str -2) [potion of
                  | mutation]
 15466 | Lair:6   | Gained mutation: You are robust. (+10% HP) [potion of
                  | mutation]
 15467 | Lair:6   | Lost mutation: You are weak. (Str -2) [potion of mutation]
 15467 | Lair:6   | Lost mutation: You are robust. (+10% HP) [potion of
                  | mutation]
 15467 | Lair:6   | Lost mutation: Your spells are a little harder to cast, but
                  | a little more powerful. [potion of mutation]
 15467 | Lair:6   | Gained mutation: You passively map a small area around you.
                  | [potion of mutation]
 15467 | Lair:6   | Gained mutation: You are dopey. (Int -2) [potion of
                  | mutation]
 15467 | Lair:6   | Gained mutation: Your flesh is heat resistant. (rF+)
                  | [potion of mutation]
 15500 | Lair:6   | Reached skill level 19 in Invocations
 15936 | Lair:6   | Found a viscous altar of Jiyva.
 15936 | Lair:6   | Found a staircase to the Slime Pits.
 16017 | Lair:6   | Noticed a death yak
 16018 | Lair:6   | Noticed a death yak
 16021 | Lair:6   | Noticed a death yak
 16021 | Lair:6   | Noticed a death yak
 16021 | Lair:6   | Noticed a death yak
 16022 | Lair:6   | Noticed a death yak
 16022 | Lair:6   | Noticed a death yak
 16024 | Lair:6   | Noticed a death yak
 16025 | Lair:6   | Killed a death yak
 16045 | Lair:6   | Killed a death yak
 16045 | Lair:6   | Gained mutation: You are slightly more attuned to the
                  | shadows. [demonic ancestry]
 16045 | Lair:6   | Reached XP level 13. HP: 91/93 MP: 26/26
 16931 | Lair:6   | Reached skill level 20 in Invocations
 17078 | Lair:6   | Noticed a dire elephant
 17096 | Lair:6   | Killed a dire elephant
 17196 | Lair:6   | Noticed a dire elephant
 17220 | Lair:6   | HP: 2/96 [death yak (20)]
 17226 | Lair:6   | HP: 4/96 [manticore (12)]
 17226 | Lair:6   | Slain by a manticore

Skill      XL: |  1  2  3  4  5  6  7  8  9 10 11 12 13 |
---------------+----------------------------------------+-----
Armour         | 1 2 3 4 5 6 |  6.2
Fighting       | 4 5 6 7 |  7.3
Shields        | 2 3 4 5 7 8 10 11 | 11.8
Invocations    | 2 7 11 14 17 19 20 | 20.3
Axes           | |  2.6
Dodging        | |  2.6
Stealth        | |  1.7

Action                   |  1- 3 |  4- 6 |  7- 9 | 10-12 | 13-15 || total
-------------------------+-------+-------+-------+-------+-------++-------
Melee: Hand axe          |   131 |   203 |   130 |       |       ||   464
       Kick              |     9 |    50 |    47 |    14 |     7 ||   127
       Demon blade       |       |       |    18 |    20 |     3 ||    41
Invok: Minor Destruction |       |       |   302 |   560 |   168 ||  1030
       Greater Servant o |       |       |       |       |     1 ||     1
Evoke: Phantom mirror    |       |       |       |       |     1 ||     1
  Use: Scroll            |     4 |     2 |     2 |     8 |     1 ||    17
       Potion            |       |       |       |     7 |     4 ||    11
 Stab: Sleeping          |     6 |       |     1 |       |       ||     7
       Distracted        |       |     1 |       |       |       ||     1
  Eat: Chunk             |     3 |     7 |    12 |    19 |     3 ||    44
       Ration            |       |       |     1 |     1 |       ||     2
Armor: Robe              |    35 |     4 |       |       |       ||    39
       Ring mail         |       |    64 |    46 |       |       ||   110
       Chain mail        |       |       |    21 |    51 |    45 ||   117
       Plate armour      |       |       |    68 |    69 |       ||   137
Dodge: Dodged            |    65 |    62 |    59 |    92 |    55 ||   333
Block: Shield            |    44 |   137 |   241 |   288 |   132 ||   842
       Rpst.: Demon blade |       |       |     7 |    16 |    10 ||    33
